 Dungeon Crawl Stone Soup version 0.29-a0-284-gf9362112df (webtiles) character file.

Game seed: 12662271501818512281

119 being54 the Sneak (level 4, -6/21 HPs)
             Began as a Spriggan Enchanter on Mar 23, 2022.
             Killed from afar by an orc wizard (9 damage)
             ... with a magic dart
             ... on level 4 of the Dungeon.
             The game lasted 00:07:16 (2920 turns).

being54 the Sneak (Spriggan Enchanter)              Turns: 2920, Time: 00:07:16

Health: -6/21      AC:  2    Str:  4    XL:     4   Next: 74%
Magic:  0/9        EV: 18    Int: 16    God:
Gold:   118        SH:  0    Dex: 23    Spells: 4/9 levels left

rFire   . . .      SeeInvis +   i - +2 short sword (flame)
rCold   . . .      Faith    .   (no shield)
rNeg    . . .      Spirit   .   b - +0 robe
rPois   .          Reflect  .   (helmet restricted)
rElec   .          Harm     .   g - scarf {+Inv}
rCorr   .          Rampage  .   (gloves unavailable)
Will    +....                   (boots unavailable)
Stlth   ++++......              (no amulet)
HPRegen 0.07/turn               d - ring of willpower
MPRegen 0.11/turn               p - +6 ring of dexterity

@: very slightly contaminated, very quick
A: very small, no large weapons, unfitting armour, see invisible, speed 3
a: Evoke Invisibility


You were on level 4 of the Dungeon.
You visited 1 branch of the dungeon, and saw 4 of its levels.

You collected 118 gold pieces.

Inventory:

Hand Weapons
 i - a +2 short sword of flaming (weapon)
Armour
 b - a +0 robe (worn)
 g - a scarf of invisibility (worn)
Jewellery
 d - a ring of willpower (left hand)
 p - a +6 ring of dexterity (right hand)
Wands
 m - a wand of digging (5)
Scrolls
 h - 2 scrolls of blinking
 l - a scroll of fog
Potions
 c - 2 potions of invisibility
 e - 4 potions of curing
 o - a potion of haste {unknown}
 q - a potion of resistance {unknown}


   Skills:
 - Level 1.1 Short Blades
 - Level 2.6 Dodging
 - Level 7.0 Stealth
 + Level 3.2 Spellcasting
 * Level 4.5 Hexes
 + Level 1.8 Evocations


You had 4 spell levels left.
You knew the following spells:

 Your Spells              Type           Power      Damage    Failure   Level
a - Ensorcelled Hibernat  Hex/Ice        18%        N/A       11%         2
b - Tukima's Dance        Hex            17%        N/A       9%          3

Your spell library contained the following spells:

 Spells                   Type           Power      Damage    Failure   Level
 Confusing Touch          Hex            17%        N/A       9%          3
 Dazzling Flash           Conj/Hex       18%        N/A       22%         3
 Ignite Poison            Fire/Tmut/Pois 2%         N/A       50%         3
 Mephitic Cloud           Conj/Pois/Air  2%         N/A       50%         3
 Freezing Cloud           Conj/Ice/Air   1%         6-21      99%         5


Dungeon Overview and Level Annotations

Branches:
Dungeon (4/15)
 Temple: D:4-7

Altars:


Innate Abilities, Weirdness & Mutations

You are very small and have problems with some larger weapons.
You are too small for most types of armour.
You have supernaturally acute eyesight. (SInv)
You cover ground extremely quickly. (Speed+++)


Message History

The orc wizard casts a spell.
The orc wizard flickers and vanishes for a moment.
Casting: Ensorcelled Hibernation (safe; 11% risk of failure)
Confirm with . or Enter, or press ? or * to list all spells.
Aiming: Ensorcelled Hibernation (safe; 11% risk of failure)
Press: ? - help, Shift-Dir - straight line, f - orc
Aim: an orc, wielding a +0 whip and wearing a +0 chain mail (chance to affect: 61%)
The orc looks drowsy...
The helpless orc fails to defend itself.
You impale the orc!! You burn the orc.
You kill the orc!
Casting: Ensorcelled Hibernation (safe; 11% risk of failure)
Confirm with . or Enter, or press ? or * to list all spells.
Aiming: Ensorcelled Hibernation (safe; 11% risk of failure)
Press: ? - help, Shift-Dir - straight line, f - orc wizard
Aim: an orc wizard, wielding a +0 dagger and wearing a +0 robe (slightly transparent, chance to affect: 43%)
You miscast Ensorcelled Hibernation.
You are very lightly contaminated with residual magic.
Nothing appears to happen.
The orc wizard barely misses you.
Casting: Ensorcelled Hibernation (safe; 11% risk of failure)
Confirm with . or Enter, or press ? or * to list all spells.
You don't have enough magic to cast this spell.
You barely miss the orc wizard.
The orc wizard hits you with a +0 dagger.
You closely miss the orc wizard. The orc wizard closely misses you.
You hit the orc wizard. You burn the orc wizard.
The orc wizard is lightly wounded.
The orc wizard points at you and mumbles some strange words.
The puff of flame hits you!
* * * LOW HITPOINT WARNING * * *
Casting: Ensorcelled Hibernation (safe; 11% risk of failure)
Confirm with . or Enter, or press ? or * to list all spells.
Aiming: Ensorcelled Hibernation (safe; 11% risk of failure)
Press: ? - help, Shift-Dir - straight line, f/p - orc wizard
Aim: an orc wizard, wielding a +0 dagger and wearing a +0 robe (lightly wounded, slightly transparent, chance to affect: 43%)
The orc wizard resists with some effort.
The orc wizard hits you but does no damage.
The orc wizard points at you and mumbles some strange words.
The magic dart hits you!
You die...

##.# .# # #...... .#
#..##.##. # #..##<.. .. #
#..##........ ..##.
#..##.##...
.>....##..##.##.#### .#
#..)o.@..$....... ...
#.....)#..##.#..### ...
#.##...#..##.#.)# #...
...........#..# #...
..........##.#..#######.#.
.!.....##.................
##.#................###.#.
#.#...#######..###.###.##
#............


You could see an orc wizard (invisible).

Vanquished Creatures
  3 gnolls (D:3)
  An adder (D:3)
  A worm (D:2)
  3 dart slugs (D:2)
  8 orcs
  5 bats
  4 endoplasms
  3 giant cockroaches (D:1)
  5 goblins
  4 hobgoblins
  2 jackals (D:3)
  A quokka (D:2)
  6 ball pythons
  A frilled lizard (D:1)
  4 kobolds
  9 rats
60 creatures vanquished.

Vanquished Creatures (others)
  6 fungi (D:3)
  5 plants (D:3)
11 creatures vanquished.

Grand Total: 71 creatures vanquished

Notes
Turn   | Place    | Note
-------+----------+-------------------------------------------
     0 | D:1      | being54 the Spriggan Enchanter began the quest for the Orb.
     0 | D:1      | Reached XP level 1. HP: 9/9 MP: 5/5
   459 | D:1      | Reached skill level 5 in Stealth
   464 | D:1      | Reached XP level 2. HP: 8/13 MP: 6/6
  1011 | D:1      | Reached skill level 6 in Stealth
  1224 | D:2      | Reached XP level 3. HP: 16/16 MP: 8/8
  1657 | D:2      | Reached skill level 7 in Stealth
  1758 | D:3      | Learned a level 2 spell: Ensorcelled Hibernation
  1762 | D:3      | Learned a level 3 spell: Tukima's Dance
  2037 | D:3      | Reached skill level 1 in Evocations
  2037 | D:3      | Reached XP level 4. HP: 16/21 MP: 0/9
  2297 | D:3      | Found a faded altar of an unknown god.
  2920 | D:4      | Killed from afar by an orc wizard

Illustrated notes

Levels and vault maps discovered:
D:1:      beargit_arrival_diablo_church, layout_basic
D:2:      layout_basic
D:3:      layout_basic, shapermc_ecumenical_altar_mp_ritualfount
D:4:      minmay_diamond_boxcup, layout_basic, minmay_temple_entry_overgrown,
          minmay_misc_feat_diagonals, glass_columns_c

Skill      XL: |  1  2  3  4 |
---------------+-------------+-----
Stealth        | 5 6 7 |  7.0
Hexes          | 4 |  4.5
Evocations     | 1 |  1.8
Spellcasting   | 3 |  3.2
Short Blades   | |  1.1
Dodging        | |  2.6

Action                   |  1- 3 |  4- 6 || total
-------------------------+-------+-------++-------
Melee: Dagger            |    31 |       ||    31
       Punch             |     2 |     1 ||     3
       Short sword       |    43 |    46 ||    89
 Cast: Ensorcelled Hiber |     8 |    13 ||    21
  Use: Scroll            |     6 |     2 ||     8
 Stab: Sleeping          |    19 |     8 ||    27
Armor: Robe              |     9 |     2 ||    11
Dodge: Dodged            |    44 |    36 ||    80

Table legend: (Time is in decaauts)
 A = Elapsed time spent in this place.
 B = Non-inter-level travel time spent in this place.
 C = Inter-level travel time spent in this place.
 D = Time resting spent in this place.
 E = Time spent auto-exploring this place.
 F = Levels seen in this place.
 G = Mean time per level.
                   A        B        C        D        E       F      G
               +--------+--------+--------+--------+--------+-----+--------+
         Total |   2228 |   2194 |     34 |    555 |   1259 |   4 |  557.0 |
       Dungeon |   2228 |   2194 |     34 |    555 |   1259 |   4 |  557.0 |
               +--------+--------+--------+--------+--------+-----+--------+

Top non-repeatable levels by time:
     D:3: 976 daAuts
     D:1: 828 daAuts
     D:2: 383 daAuts
     D:4: 40 daAuts
